[Event "56th Rubinstein Memorial D 2020"]
[Site "Polanica Zdroj"]
[Date "2020.08.21"]
[Round "7.6"]
[White "Bukala, Weronika"]
[Black "Szmidt, Przemyslaw"]
[Result "0-1"]
[ECO "C48"]
[WhiteElo "1504"]
[BlackElo "1831"]
[Annotator "NA"]
[PlyCount "68"]
[EventDate "2020.08.15"]
[EventType "swiss"]
[EventCountry "POL"]
[SourceTitle "playchess.com"]
[Source "ChessBase"]
[SourceQuality "1"]
[TimeControl "40/5400+30:1800+30"]

1. e4 e5 2. Nf3 Nc6 3. Bb5 Nf6 4. Nc3 d6 5. Bxc6+ bxc6 6. h3 Be7 {[%emt 0:00:16] C48: Four Knights: 4 Bb5, replies other than 4...Bb4.} 7. d4 exd4 8. Nxd4 Bd7 9. Bf4 O-O 10. O-O c5 11. Nf3 Bc6 12. Re1 Rb8 13. b3 {[%emt 0:01:24] [#]} Rb4 $146 ({Predecessor:} 13... Nd7 14. e5 Nb6 15. exd6 cxd6 16. Qd3 Rb7 17. a4 a5 18. Rad1 Rd7 19. Re2 h6 {½-½ (63) Azarov,S (2629)-Dzhumaev,M (2549) Kazan 2013}) 14. a3 Rb8 15. e5 Ne8 16. e6 fxe6 17. Bg3 Bxf3 18. gxf3 Bf6 19. Qd3 Bxc3 20. Qxc3 e5 21. Rad1 Qf6 22. Rd3 g6 23. Re4 Ng7 24. Qa5 $2 (24. f4 $17) 24... Qf7 25. Ra4 Nf5 26. Bxe5 $2 (26. Kg2) 26... dxe5 27. Qxc5 Nd4 28. Kg2 Nxf3 29. Rd1 Nd4 30. Rd2 Qf3+ 31. Kg1 Qf4 32. Rdxd4 Qxf2+ {[%emt 0:00:34] Pin} 33. Kh1 Qf1+ {[%emt 0:00:17] Double Attack} 34. Kh2 Rf2+ 0-1

[Event "56th Rubinstein Memorial D 2020"]
[Site "Polanica Zdroj"]
[Date "2020.08.21"]
[Round "7.7"]
[White "Grzelak, Piotr"]
[Black "Wawrzyniak, Pawel"]
[Result "0-1"]
[ECO "B12"]
[WhiteElo "1664"]
[BlackElo "1824"]
[Annotator "NA"]
[PlyCount "100"]
[EventDate "2020.08.15"]
[EventType "swiss"]
[EventCountry "POL"]
[SourceTitle "playchess.com"]
[Source "ChessBase"]
[SourceQuality "1"]
[TimeControl "40/5400+30:1800+30"]

1. e4 c6 2. d4 d5 3. e5 Bf5 4. h4 h5 5. Ne2 e6 6. Ng3 Bg6 7. Bd3 {[%emt 0:00:26] has lost popularity (7.Be2).} Bxd3 {[%emt 0:00:29] B12: Caro-Kann: Advance Variation.} 8. Qxd3 c5 9. c3 Qb6 10. O-O Nc6 11. Be3 (11. Ne2 $1 $11) 11... Qxb2 12. Nd2 c4 {[%emt 0:16:17] [#]} 13. Rfb1 $146 ({Predecessor:} 13. Nxc4 dxc4 14. Qxc4 Qa3 15. Rab1 Qe7 16. Bg5 Qd7 17. Ne4 Rc8 18. Qe2 Na5 19. Rfd1 {0-1 (33) Luz,A (2165)-Molina,R (2431) Florianopolis 2020}) 13... Qa3 ({Much worse is} 13... cxd3 $6 14. Rxb2 b6 15. Nf3 $11) ({Black should try} 13... Qxa1 $17 14. Qc2 {[#]} Qxb1+ $1 15. Qxb1 O-O-O) 14. Qc2 b6 15. f4 g6 16. Nf3 Nh6 17. Ng5 (17. Nf1 $17 {is a better defense.}) 17... Ne7 18. Bc1 Qa6 19. a4 Nhf5 20. Nxf5 Nxf5 21. a5 b5 22. Nf3 Be7 23. Ba3 Nxh4 24. Nxh4 Bxh4 25. Bd6 Be7 26. Bxe7 Kxe7 27. Qb2 Rab8 28. Qa3+ Kd7 29. Rb2 Qc6 30. a6 Rb6 31. Rb4 Rhb8 32. Kf2 Qc8 33. g3 Rc6 34. Rab1 Qxa6 35. Qc1 Rcb6 36. Ra1 Qb7 37. Ra5 a6 38. Qa3 Qc6 39. Rb1 Ra8 40. Qb4 Qc8 41. Rba1 Qf8 42. Qb1 Kc7 43. Qa2 Kb7 44. Rb1 Qe7 45. Kf3 g5 46. Rh1 Rh8 47. Ra1 {[%emt 0:00:18] [#]} Ra8 $2 (47... g4+ $1 $19 48. Kg2 Ra8) 48. Rh1 $1 h4 49. gxh4 gxh4 50. Qg2 $19 b4 0-1

[Event "56th Rubinstein Memorial D 2020"]
[Site "Polanica Zdroj"]
[Date "2020.08.21"]
[Round "7.8"]
[White "Podgorski, Maciej"]
[Black "Bialik, Nikodem"]
[Result "1-0"]
[ECO "C18"]
[WhiteElo "1810"]
[BlackElo "1552"]
[Annotator "NA"]
[PlyCount "91"]
[EventDate "2020.08.15"]
[EventType "swiss"]
[EventCountry "POL"]
[SourceTitle "playchess.com"]
[Source "ChessBase"]
[SourceQuality "1"]
[TimeControl "40/5400+30:1800+30"]

1. e4 e6 2. d4 d5 3. Nc3 Bb4 4. e5 c5 5. a3 Bxc3+ 6. bxc3 Qc7 7. h4 {[%emt 0:00:24] C18: French: 3 Nc3 Bb4: Main line: 7 h4 and 7 Qg4.} cxd4 8. cxd4 Ne7 9. Nf3 b6 10. h5 h6 {[%emt 0:00:30] [#]} 11. a4 $146 ({Predecessor:} 11. Bb5+ Bd7 12. Bd3 Bc8 13. O-O Ba6 14. a4 Bxd3 15. cxd3 Nbc6 16. Qd2 O-O 17. Ba3 {1-0 (65) Poetz,F (2416)-Ganaus,H (2287) Linz 2011}) 11... Nbc6 12. Ba3 Na5 13. Bb4 Nc4 14. Nd2 Ba6 15. Rh3 Nb2 16. Qc1 Bxf1 17. Kxf1 Nc4 18. Kg1 Rc8 19. c3 Nc6 $2 (19... Na5 $14) 20. Nxc4 dxc4 21. Bd6 Qd7 22. Rg3 Ne7 23. Bxe7 $1 ({Not} 23. Rxg7 Nf5 $16 {[%mdl 64] Double Attack}) 23... Qxe7 24. Rxg7 Kf8 25. Rg4 Rb8 26. Qf4 b5 $2 (26... Rd8 27. Rg6 Ke8) 27. axb5 Rxb5 {[%emt 0:00:12] [#]} 28. Rg6 (28. Rxa7 $142 $1 Qxa7 {[#]} 29. Qf6 $1 Rb1+ 30. Kh2) 28... Ke8 29. Rxh6 Rg8 30. Qf3 Rb8 31. Rf6 Qb7 32. Qxb7 Rxb7 33. Ra4 Rc7 34. h6 Ke7 35. f4 Rb7 36. f5 exf5 37. Rxf5 Rc8 38. Ra6 Rb1+ 39. Rf1 Rb7 $18 40. Raf6 Rf8 41. e6 Ke8 42. h7 a5 43. Rxf7 Rbxf7 44. Rxf7 Rh8 45. Ra7 Rf8 46. Ra8+ 1-0

[Event "56th Rubinstein Memorial D 2020"]
[Site "Polanica Zdroj"]
[Date "2020.08.21"]
[Round "7.9"]
[White "Ciborowski, Konrad Jr"]
[Black "Sypien, Natan"]
[Result "0-1"]
[ECO "B00"]
[WhiteElo "1405"]
[BlackElo "1794"]
[Annotator "NA"]
[PlyCount "78"]
[EventDate "2020.08.15"]
[EventType "swiss"]
[EventCountry "POL"]
[SourceTitle "playchess.com"]
[Source "ChessBase"]
[SourceQuality "1"]
[TimeControl "40/5400+30:1800+30"]

1. e4 b6 2. d4 Bb7 3. Nc3 e6 4. f4 Bb4 5. Bd3 f5 6. Qe2 fxe4 7. Bxe4 Bxe4 8. Qxe4 Bxc3+ 9. bxc3 Nc6 10. Nf3 Nf6 11. Qd3 d5 12. O-O O-O 13. Ng5 Qd7 14. Re1 Rfe8 15. Qh3 Nd8 16. a4 h6 17. Nf3 Nc6 18. Re2 Ne4 19. Nd2 Nxd2 20. Bxd2 Na5 21. Kh1 Qf7 22. Rg1 Nc4 23. Bc1 Nd6 24. Re5 Ne4 25. Qf3 c5 26. g4 cxd4 27. g5 Nxg5 28. Qe2 Ne4 29. cxd4 Rac8 30. Qg2 Kh7 31. f5 exf5 32. Rxf5 Nf6 33. Rgf1 Qg6 34. Qf3 Re4 35. Bg5 hxg5 36. Rxf6 Qxf6 37. Qh3+ Rh4 38. Qf3 Re4 39. Qh3+ Rh4 0-1

[Event "56th Rubinstein Memorial D 2020"]
[Site "Polanica Zdroj"]
[Date "2020.08.21"]
[Round "7.9"]
[White "Ciborowski, Konrad Jr"]
[Black "Sypien, Natan"]
[Result "*"]
[ECO "B00"]
[WhiteElo "1405"]
[BlackElo "1794"]
[Annotator "NA RC"]
[PlyCount "21"]
[EventDate "2020.08.15"]
[EventType "swiss"]
[EventCountry "POL"]
[SourceTitle "playchess.com"]
[Source "ChessBase"]
[SourceQuality "1"]
[TimeControl "40/5400+30:1800+30"]

1. e4 b6 2. d4 Bb7 3. Nc3 e6 4. f4 Bb4 5. Bd3 f5 6. Qe2 Bxc3+ 7. bxc3 fxe4 8. Bxe4 Bxe4 9. Qxe4 Nc6 10. Nf3 Nf6 11. Qd3 *

[Event "56th Rubinstein Memorial D 2020"]
[Site "Polanica Zdroj"]
[Date "2020.08.21"]
[Round "7.10"]
[White "Szydelko, Michal"]
[Black "Ursnik, Patryk"]
[Result "1-0"]
[ECO "B30"]
[WhiteElo "1910"]
[BlackElo "1601"]
[Annotator "ChessBase"]
[PlyCount "63"]
[EventDate "2020.08.15"]
[EventType "swiss"]
[EventCountry "POL"]
[SourceTitle "playchess.com"]
[Source "ChessBase"]
[SourceQuality "1"]
[TimeControl "40/5400+30:1800+30"]

1. e4 c5 2. Nf3 Nc6 3. c4 e6 4. Nc3 Nge7 5. d4 cxd4 6. Nxd4 d5 7. cxd5 exd5 8. Ndb5 a6 9. exd5 axb5 10. Bxb5 Nxd5 11. Qxd5 Qxd5 12. Nxd5 Bd6 13. Nb6 Rb8 14. O-O Be6 15. Rd1 Bc7 16. Be3 O-O 17. Nd7 Bxd7 18. Rxd7 Be5 19. Rb1 Rfd8 20. Rxd8+ Rxd8 21. Bxc6 bxc6 22. b3 Kf8 23. Bc5+ Bd6 24. Rd1 Ke7 25. Rxd6 Rxd6 26. Kf1 Kd7 27. Bxd6 Kxd6 28. Ke2 Kc5 29. a3 Kd4 30. Kd2 f5 31. f4 h6 32. h4 1-0

[Event "56th Rubinstein Memorial D 2020"]
[Site "Polanica Zdroj"]
[Date "2020.08.21"]
[Round "7.11"]
[White "Janicki, Rafal"]
[Black "Ratajczak, Hubert"]
[Result "1-0"]
[ECO "B53"]
[WhiteElo "1851"]
[BlackElo "1513"]
[Annotator "NA RC"]
[PlyCount "109"]
[EventDate "2020.08.15"]
[EventType "swiss"]
[EventCountry "POL"]
[SourceTitle "playchess.com"]
[Source "ChessBase"]
[SourceQuality "1"]
[TimeControl "40/5400+30:1800+30"]

1. e4 c5 2. Nf3 d6 3. d4 cxd4 4. Qxd4 Nc6 5. Bb5 Bd7 6. Bxc6 Bxc6 7. c4 Nf6 8. Nc3 g6 9. O-O Bg7 10. Qd3 O-O 11. Nd4 a6 {[%emt 0:00:58] B53: Sicilian: 2...d6: Lines with Qxd4.} 12. h3 Rc8 13. Be3 Qa5 {[%emt 0:01:05] [#]} 14. Rab1 $146 ({Predecessor:} 14. Rac1 Rfd8 15. Rfe1 Be8 16. a3 e6 17. Re2 Qc7 18. b3 Qb8 19. Rec2 h6 20. b4 Qc7 21. Qd2 Qe7 22. Qe2 Qc7 23. Qd2 Qe7 24. Qe2 Qc7 25. Qd2 {½-½ (25) Ducarmon,Q (2474)-Cardon,H (2398) Netherlands 2016}) 14... e6 15. b4 Qc7 16. Rfc1 Qe7 17. a4 d5 (17... Nd7 $11 {keeps the balance.}) 18. cxd5 exd5 19. Nxc6 bxc6 (19... Rxc6 $142 20. exd5 Qd7) 20. Bc5 {[%emt 0:01:07] Skewer} ({Don't take} 20. exd5 $6 Rfd8 $16) ({Resist} 20. Qxa6 $6 Qe6 $18) 20... dxe4 21. Qxa6 Qe6 22. Bxf8 Bxf8 23. Qe2 Bd6 24. Qe3 Qe5 25. g3 h5 26. h4 Qf5 27. Kg2 Ng4 28. Qe2 Re8 29. Nd1 e3 30. Nxe3 Rxe3 31. fxe3 Qe4+ {[%emt 0:00:31] [#]} 32. Kh3 $1 Qe6 33. Re1 Nf2+ 34. Kg2 Qh3+ $18 (34... Ne4 35. Rbd1 Bxg3) 35. Kxf2 Qh2+ 36. Kf3 Qxg3+ 37. Ke4 Qe5+ 38. Kd3 Qd5+ 39. Kc2 Qa2+ 40. Rb2 Qxa4+ 41. Kb1 Be5 42. Qc4 Bxb2 43. Kxb2 Qa8 44. Rd1 Qb8 45. Qf4 Qe8 46. Qf6 c5 47. Rd8 Qxd8 48. Qxd8+ Kg7 49. b5 f6 50. Qe7+ Kh6 51. b6 c4 52. b7 c3+ 53. Kxc3 f5 54. b8=R g5 55. Rb6# 1-0

[Event "56th Rubinstein Memorial D 2020"]
[Site "Polanica Zdroj"]
[Date "2020.08.21"]
[Round "7.12"]
[White "Bienkowski, Zbigniew"]
[Black "Bednarczyk, Mateusz"]
[Result "1-0"]
[ECO "B30"]
[WhiteElo "1739"]
[BlackElo "1500"]
[Annotator "NA"]
[PlyCount "59"]
[EventDate "2020.08.15"]
[EventType "swiss"]
[EventCountry "POL"]
[SourceTitle "playchess.com"]
[Source "ChessBase"]
[SourceQuality "1"]
[TimeControl "40/5400+30:1800+30"]

1. e4 c5 2. Nf3 Nc6 3. c4 e6 4. Nc3 Nf6 5. d4 cxd4 6. Nxd4 Bb4 7. Nxc6 bxc6 8. Bd3 Bxc3+ 9. bxc3 Qc7 10. O-O O-O 11. f4 d5 12. e5 Nd7 13. Ba3 c5 14. Rf3 f5 15. cxd5 exd5 16. Rg3 Qb6 17. Bxf5 Qc6 18. Qc2 Rxf5 19. Qxf5 Nf6 20. Qg5 Ne8 21. f5 Qc7 22. Re1 Rb8 23. h4 Rb7 24. h5 Qf7 25. f6 Be6 26. Bxc5 Rc7 27. Bb4 Rd7 28. Rf1 g6 29. hxg6 hxg6 30. Qh6 1-0

[Event "56th Rubinstein Memorial D 2020"]
[Site "Polanica Zdroj"]
[Date "2020.08.21"]
[Round "7.13"]
[White "Wolska, Marta"]
[Black "Kaczanowski, Pawel"]
[Result "0-1"]
[ECO "E32"]
[WhiteElo "1551"]
[BlackElo "1655"]
[Annotator "NA"]
[PlyCount "50"]
[EventDate "2020.08.15"]
[EventType "swiss"]
[EventCountry "POL"]
[SourceTitle "playchess.com"]
[Source "ChessBase"]
[SourceQuality "1"]
[TimeControl "40/5400+30:1800+30"]

1. d4 Nf6 2. c4 e6 3. Nc3 Bb4 4. Qc2 O-O 5. e4 c5 6. d5 exd5 7. cxd5 d6 8. f3 Nbd7 9. a3 Ba5 10. Bd2 a6 11. Nge2 Ne5 12. Ng3 b5 13. Be2 c4 14. f4 Ned7 15. Nf5 Nc5 16. Nd4 Bxc3 17. Bxc3 Nfxe4 18. O-O Nxc3 19. Qxc3 Qf6 20. Rad1 Bf5 21. g4 Na4 22. Qd2 Bd3 23. Qe3 Rae8 24. Qf2 Bxe2 25. Nxe2 Qxb2 0-1

[Event "56th Rubinstein Memorial D 2020"]
[Site "Polanica Zdroj"]
[Date "2020.08.21"]
[Round "7.14"]
[White "Zyla, Tomasz"]
[Black "Lewandrowski, Tomasz"]
[Result "1-0"]
[ECO "A43"]
[WhiteElo "1543"]
[BlackElo "1879"]
[Annotator "NA RC"]
[PlyCount "59"]
[EventDate "2020.08.15"]
[EventType "swiss"]
[EventCountry "POL"]
[SourceTitle "playchess.com"]
[Source "ChessBase"]
[SourceQuality "1"]
[TimeControl "40/5400+30:1800+30"]

1. d4 c5 2. e3 cxd4 3. exd4 d5 4. Nf3 Nf6 5. c4 dxc4 6. Bxc4 e6 7. Nc3 Bb4 8. O-O Bxc3 (8... O-O $11) 9. bxc3 O-O {[%emt 0:00:21] D26: Queen's Gambit Accepted: 4 e3 e6 5 Bxc5 c5 sidelines.} 10. Ne5 Nbd7 {[%emt 0:06:37] [#]} 11. f4 $146 ({Predecessor:} 11. Qe2 Nb6 12. Bd3 Na4 13. Ba3 Nxc3 14. Qc2 Qxd4 15. Nf3 Qa4 16. Qxc3 Nd5 17. Qb3 Qxb3 18. axb3 {½-½ (28) Etoru,A-Muluya,S Kampala 2011}) 11... Qc7 12. Qd3 b6 13. Bb3 Bb7 14. Ba3 Rfd8 ({Black should play} 14... Rfc8) 15. Qh3 Bd5 16. Bc2 (16. Rae1 $16) 16... Ne4 17. Rae1 Ndf6 (17... Nxe5 $11 {keeps the balance.} 18. Bxe4 Bxe4 19. fxe5 Bf5) 18. Re3 Nd2 19. Rfe1 Nc4 20. Nxc4 Bxc4 21. Re5 g6 22. R1e3 ({White should try} 22. f5 $16) 22... Nd7 $2 (22... Nd5 $15 23. Rf3 Re8) 23. Qh4 f6 24. Rh3 Nxe5 25. fxe5 f5 $2 (25... Qf7) 26. Be7 h5 27. Qf6 Kh7 28. Bd1 Qxe7 29. Qxe7+ Kh6 30. Bxh5 1-0

[Event "56th Rubinstein Memorial D 2020"]
[Site "Polanica Zdroj"]
[Date "2020.08.21"]
[Round "7.15"]
[White "Ciechonski, Piotr"]
[Black "Ochenduszko, Bartosz"]
[Result "0-1"]
[ECO "C00"]
[WhiteElo "1774"]
[BlackElo "1531"]
[Annotator "NA RC"]
[PlyCount "114"]
[EventDate "2020.08.15"]
[EventType "swiss"]
[EventCountry "POL"]
[SourceTitle "playchess.com"]
[Source "ChessBase"]
[SourceQuality "1"]
[TimeControl "40/5400+30:1800+30"]

1. e4 e6 2. Qe2 c5 3. Nf3 Nc6 4. g3 Be7 5. Bg2 Nf6 6. O-O O-O 7. d3 d5 8. e5 Nd7 9. c4 d4 10. Re1 Rb8 11. h4 Re8 12. Bf4 b5 13. b3 bxc4 14. dxc4 Nb4 15. Nbd2 Nc2 16. Ne4 Nxe1 17. Rxe1 Bb7 18. Bg5 Qa5 19. Bf4 Bxe4 20. Qxe4 Qxa2 21. h5 Rxb3 22. h6 g6 23. Nd2 Rb2 24. Qd3 Qa5 25. Bc6 Rd8 26. Rd1 Qb6 27. Bxd7 Rxd7 28. Ne4 Rb7 29. Bg5 Bxg5 30. Nxg5 Rb1 31. Kg2 Rxd1 32. Qxd1 Qd8 33. Ne4 Qf8 34. Qa4 Qxh6 35. Nf6+ Kg7 36. Qe8 Qd2 37. Qg8+ Kh6 38. Qxh7+ Kg5 39. Qh4+ Kf5 40. Qg4+ Kxe5 41. Ne4 f5 42. Qxg6 Kxe4 43. Qxe6+ Kd3 44. Qxf5+ Kxc4 45. Qe6+ Kc3 46. Qc6 Rb3 47. Qxc5+ Kb2 48. Qxa7 Qd3 49. Qf7 Qf3+ 50. Qxf3 Rxf3 51. Kxf3 d3 52. Kg4 d2 53. f4 Kc3 54. f5 Kd4 55. f6 Ke5 56. f7 d1=Q+ 57. Kg5 Qf3 0-1

[Event "56th Rubinstein Memorial D 2020"]
[Site "Polanica Zdroj"]
[Date "2020.08.21"]
[Round "7.16"]
[White "Lisiecki, Robert"]
[Black "Szuber, Dawid"]
[Result "1-0"]
[ECO "B30"]
[WhiteElo "1749"]
[BlackElo "1523"]
[Annotator "NA"]
[PlyCount "89"]
[EventDate "2020.08.15"]
[EventType "swiss"]
[EventCountry "POL"]
[SourceTitle "playchess.com"]
[Source "ChessBase"]
[SourceQuality "1"]
[TimeControl "40/5400+30:1800+30"]

1. e4 c5 2. Nf3 Nc6 3. Bb5 d6 4. O-O Nf6 5. Re1 e5 6. h3 g6 7. c3 Bg7 8. Bxc6+ bxc6 9. d3 O-O 10. Nbd2 Qc7 11. Nf1 h6 12. Be3 Be6 13. Qd2 Kh7 14. Ng3 Rab8 15. Rac1 Rfd8 16. b3 Rbc8 17. d4 cxd4 18. cxd4 Ne8 19. d5 Bd7 20. Qd3 Qb7 21. dxc6 Bxc6 22. Nd2 d5 23. exd5 Bxd5 24. Rxc8 Rxc8 25. f3 f5 26. Bf2 Nd6 27. h4 h5 28. Nde4 fxe4 29. fxe4 Nxe4 30. Nxe4 Bxe4 31. Qxe4 Qxe4 32. Rxe4 Rc1+ 33. Kh2 Rc2 34. Bxa7 Rxa2 35. Bb8 Ra3 36. b4 Rb3 37. Bd6 Kg8 38. Rc4 Kf7 39. Rc7+ Kg8 40. Re7 Kh8 41. Re6 Kh7 42. Kg1 Rb2 43. Re7 Kg8 44. Rxg7+ Kxg7 45. Bxe5+ 1-0

[Event "56th Rubinstein Memorial D 2020"]
[Site "Polanica Zdroj"]
[Date "2020.08.21"]
[Round "7.17"]
[White "Soszka, Szymon"]
[Black "Brzozowski, Pawel"]
[Result "0-1"]
[ECO "D35"]
[WhiteElo "1206"]
[BlackElo "1620"]
[Annotator "NA"]
[PlyCount "50"]
[EventDate "2020.08.15"]
[EventType "swiss"]
[EventCountry "POL"]
[SourceTitle "playchess.com"]
[Source "ChessBase"]
[SourceQuality "1"]
[TimeControl "40/5400+30:1800+30"]

1. d4 d5 2. c4 e6 3. Nc3 Nf6 4. cxd5 exd5 5. Bg5 Be7 6. e3 O-O 7. Bd3 b6 8. Nge2 Bb7 9. Rc1 Nbd7 10. Bb1 Re8 11. O-O c5 12. Qc2 Rc8 13. Rfd1 Nf8 14. Qb3 c4 15. Qc2 a6 16. Ng3 Ng4 17. Bxe7 Qxe7 18. b3 Qh4 19. h3 Nxe3 20. Nf5 Nxf5 21. Qxf5 g6 22. Qf3 cxb3 23. axb3 Re6 24. Nxd5 Rxc1 25. Rxc1 Qg5 0-1

[Event "56th Rubinstein Memorial D 2020"]
[Site "Polanica Zdroj"]
[Date "2020.08.21"]
[Round "7.18"]
[White "Garwacki, Kornel"]
[Black "Wilgosz, Jan"]
[Result "1/2-1/2"]
[ECO "C44"]
[WhiteElo "1492"]
[BlackElo "1617"]
[Annotator "NA"]
[PlyCount "50"]
[EventDate "2020.08.15"]
[EventType "swiss"]
[EventCountry "POL"]
[SourceTitle "playchess.com"]
[Source "ChessBase"]
[SourceQuality "1"]
[TimeControl "40/5400+30:1800+30"]

1. e4 e5 2. Nf3 Nc6 3. d4 exd4 4. c3 Nge7 5. cxd4 d5 6. e5 Bg4 7. Be3 Nf5 8. Be2 f6 9. exf6 Qxf6 10. Nc3 Nxe3 11. fxe3 O-O-O 12. Qc1 Qh6 13. O-O Be7 14. Bb5 Bd6 15. h3 Bxf3 16. Rxf3 Ne7 17. Qf1 c6 18. Bd3 Ng6 19. Qf2 Nh4 20. Rf7 Rhf8 21. Rxf8 Rxf8 22. Qe2 Qg5 23. Qg4+ Qxg4 24. hxg4 Bg3 25. Rf1 Rxf1+ 1/2-1/2

[Event "56th Rubinstein Memorial D 2020"]
[Site "Polanica Zdroj"]
[Date "2020.08.21"]
[Round "7.19"]
[White "Grzebieniowski, Michal"]
[Black "Zarzecki, Dymitr Stanislaw"]
[Result "1-0"]
[ECO "D70"]
[WhiteElo "1390"]
[BlackElo "1596"]
[Annotator "NA"]
[PlyCount "95"]
[EventDate "2020.08.15"]
[EventType "swiss"]
[EventCountry "POL"]
[SourceTitle "playchess.com"]
[Source "ChessBase"]
[SourceQuality "1"]
[TimeControl "40/5400+30:1800+30"]

1. d4 Nf6 2. c4 g6 3. Nf3 Bg7 4. g3 d6 5. Bg2 O-O 6. O-O Nc6 7. b3 e5 8. Bb2 Nh5 9. dxe5 Nxe5 10. Nxe5 dxe5 11. Nc3 c6 12. Ba3 Re8 13. Ne4 Qa5 14. Bb2 Rd8 15. Qc2 f5 16. Bc3 Qc7 17. Nd2 Be6 18. e4 Qd7 19. Rad1 f4 20. Nf3 Qc7 21. Qb2 fxg3 22. hxg3 Rxd1 23. Rxd1 Bg4 24. Rd2 Bxf3 25. Bxf3 Re8 26. Qa1 Nf6 27. b4 b6 28. a3 Bh6 29. Rd3 Bg7 30. Qb2 Bf8 31. Bg2 a6 32. f4 Nd7 33. Bh3 Rd8 34. Be6+ Kg7 35. Bxd7 Kh6 36. Qh2+ Kg7 37. Bxe5+ Qxe5 38. fxe5 Be7 39. e6 a5 40. Qb2+ Kg8 41. Qf2 Rf8 42. Rf3 Rxf3 43. Qxf3 Bd6 44. Qf7+ Kh8 45. e5 c5 46. exd6 h5 47. e7 axb4 48. e8=Q# 1-0

[Event "56th Rubinstein Memorial D 2020"]
[Site "Polanica Zdroj"]
[Date "2020.08.22"]
[Round "8.1"]
[White "Szczygiel, Konrad"]
[Black "Gromczak, Dariusz"]
[Result "1/2-1/2"]
[ECO "B06"]
[WhiteElo "1901"]
[BlackElo "1785"]
[Annotator "ChessBase"]
[PlyCount "35"]
[EventDate "2020.08.15"]
[EventType "swiss"]
[EventCountry "POL"]
[SourceTitle "playchess.com"]
[Source "ChessBase"]
[SourceQuality "1"]
[TimeControl "40/5400+30:1800+30"]

1. d4 g6 2. e4 Bg7 3. f4 e6 4. Nf3 Ne7 5. Bc4 d5 6. Bd3 dxe4 7. Bxe4 c5 8. c3 cxd4 9. Nxd4 Nbc6 10. Be3 Nxd4 11. Bxd4 Bxd4 12. Qxd4 Qxd4 13. cxd4 Bd7 14. Nc3 Bc6 15. Bxc6+ Nxc6 16. d5 Nb4 17. O-O-O exd5 18. Nxd5 1/2-1/2

[Event "56th Rubinstein Memorial D 2020"]
[Site "Polanica Zdroj"]
[Date "2020.08.22"]
[Round "8.2"]
[White "Simon, Marek"]
[Black "Szmidt, Przemyslaw"]
[Result "0-1"]
[ECO "D85"]
[WhiteElo "1878"]
[BlackElo "1831"]
[Annotator "NA"]
[PlyCount "90"]
[EventDate "2020.08.15"]
[EventType "swiss"]
[EventCountry "POL"]
[SourceTitle "playchess.com"]
[Source "ChessBase"]
[SourceQuality "1"]
[TimeControl "40/5400+30:1800+30"]

1. d4 Nf6 2. c4 g6 3. Nc3 d5 4. cxd5 Nxd5 5. e4 Nxc3 6. bxc3 c5 7. Be3 Bg7 8. Qd2 {[%emt 0:01:36] 8.Rc1 injects fresh life into this line. Played by Magnus Carlsen in August 2020.} Qa5 9. Rc1 O-O {[%emt 0:01:00] D85: Exchange Grünfeld: Unusual White 7th moves and lines with 7 Nf3.} 10. Be2 cxd4 11. cxd4 Qxd2+ 12. Kxd2 Rd8 {[%emt 0:01:18] [#]} 13. Nf3 $146 ({Predecessor:} 13. Ke1 Nc6 14. d5 Nb4 15. a3 Na2 16. Rc2 Nc3 17. f3 e6 18. dxe6 Bxe6 19. h4 {0-1 (63) Tomin,K (2015)-Cvijic,N (2179) Senta 2006}) 13... Nc6 14. Rhd1 Nxd4 15. Nxd4 Bxd4 16. Ke1 e5 17. Rc7 Be6 18. Bxd4 exd4 19. Rxb7 Bxa2 20. Rb2 Be6 21. Rb4 {[%emt 0:01:26] [#]} (21. Ra1 $11 {keeps the balance.}) 21... a5 $1 22. Rbxd4 Rxd4 23. Rxd4 a4 24. Bc4 Bxc4 25. Rxc4 a3 26. Rc1 Ra4 ({Better is} 26... a2 $17 27. Ra1 Kg7) 27. f3 Rb4 $2 (27... Kg7 $19 28. Ra1 a2) 28. Rc8+ Kg7 29. Ra8 Rb2 30. Rxa3 Rxg2 31. h3 Rg3 32. Kf2 Rxh3 33. Kg2 Rh5 34. Kg3 Rb5 35. Re3 Kf6 36. Ra3 h5 $17 37. Kf4 g5+ 38. Kg3 Kg6 39. Ra8 Rb2 40. Rg8+ Kf6 41. Rh8 h4+ 42. Kg4 Rg2+ 43. Kh5 h3 44. f4 h2 45. Rh6+ Kg7 0-1

[Event "56th Rubinstein Memorial D 2020"]
[Site "Polanica Zdroj"]
[Date "2020.08.22"]
[Round "8.3"]
[White "Kozlowski, Pawel"]
[Black "Wawrzyniak, Pawel"]
[Result "1-0"]
[ECO "C44"]
[WhiteElo "1913"]
[BlackElo "1824"]
[Annotator "ChessBase"]
[PlyCount "37"]
[EventDate "2020.08.15"]
[EventType "swiss"]
[EventCountry "POL"]
[SourceTitle "playchess.com"]
[Source "ChessBase"]
[SourceQuality "1"]
[TimeControl "40/5400+30:1800+30"]

1. e4 e5 2. Nf3 Nc6 3. c3 d5 4. Qa4 Qd6 5. Bb5 Bd7 6. exd5 Qxd5 7. d4 exd4 8. cxd4 Bb4+ 9. Bd2 Bxd2+ 10. Nbxd2 Nge7 11. O-O O-O 12. Rfe1 Qh5 13. Rxe7 Nxe7 14. Bxd7 c6 15. Qb4 Nd5 16. Qxb7 Rab8 17. Qxc6 Rb6 18. Qc5 Rg6 19. Re1 1-0

[Event "56th Rubinstein Memorial D 2020"]
[Site "Polanica Zdroj"]
[Date "2020.08.22"]
[Round "8.5"]
[White "Sypien, Natan"]
[Black "Lukasiewicz, Aleksander"]
[Result "0-1"]
[ECO "D59"]
[WhiteElo "1794"]
[BlackElo "1960"]
[Annotator "ChessBase"]
[PlyCount "50"]
[EventDate "2020.08.15"]
[EventType "swiss"]
[EventCountry "POL"]
[SourceTitle "playchess.com"]
[Source "ChessBase"]
[SourceQuality "1"]
[TimeControl "40/5400+30:1800+30"]

1. d4 d5 2. c4 e6 3. Nc3 Be7 4. Nf3 Nf6 5. Bg5 h6 6. Bh4 O-O 7. e3 b6 8. cxd5 Nxd5 9. Nxd5 Bxh4 10. Nxc7 Bxf2+ 11. Kxf2 Qxc7 12. Rc1 Qe7 13. Qc2 Na6 14. a3 Bb7 15. Bxa6 Bxa6 16. Qc7 Qf6 17. Qe5 Qg6 18. Qf4 Rac8 19. Ne5 Rc2+ 20. Rxc2 Qxc2+ 21. Kg3 f6 22. Nd7 Qg6+ 23. Kf2 Rd8 24. Qd6 Qf5+ 25. Kg3 Bb5 0-1

[Event "56th Rubinstein Memorial D 2020"]
[Site "Polanica Zdroj"]
[Date "2020.08.22"]
[Round "8.7"]
[White "Kalkowski, Igor"]
[Black "Pyka, Roman"]
[Result "1-0"]
[ECO "C10"]
[WhiteElo "1747"]
[BlackElo "1873"]
[Annotator "NA"]
[PlyCount "41"]
[EventDate "2020.08.15"]
[EventType "swiss"]
[EventCountry "POL"]
[SourceTitle "playchess.com"]
[Source "ChessBase"]
[SourceQuality "1"]
[TimeControl "40/5400+30:1800+30"]

1. e4 d5 2. Nc3 e6 3. d4 dxe4 4. Nxe4 Bd7 5. Nf3 Bc6 6. Bd3 Nd7 7. O-O Ngf6 8. Ng3 Be7 9. Re1 O-O 10. c4 b6 11. Bd2 Bb7 12. Bc3 c5 {[%emt 0:06:41] [#]} 13. d5 $146 {[%emt 0:10:06] C10: French with 3 Nc3: Unusual Black 3rd moves and 3...dxe4.} ({Predecessor:} 13. Qe2 Bxf3 14. Qxf3 cxd4 15. Bxd4 Nc5 16. Bxc5 Bxc5 17. Be4 Rc8 18. Rad1 Qc7 19. a3 Rfd8 20. Rc1 a5 21. Bb7 Rb8 22. Ba6 Rd4 23. Ne2 Rd2 24. Rb1 Qd6 25. g4 Rd8 26. g5 Nd7 {0-1 (26) Rudnev,Y (2159)-Kovalenko,S (2305) Voronezh 2007}) 13... exd5 14. Nf5 Re8 15. cxd5 Bxd5 $2 (15... Bf8 $1 $14) 16. Nxg7 Kxg7 17. Nh4 Be6 18. Qh5 Nf8 19. Qg5+ Kh8 $18 20. Nf5 Bxf5 21. Rxe7 1-0